 Dungeon Crawl Stone Soup version 0.29.0-4-gdea44cf6ec (webtiles) character file.

Game seed: 17252954855366175720

64 qw the Chopper (level 4, -3/26 HPs)
             Began as a Tengu Warper on Aug 28, 2022.
             Slain by an iguana (7 damage)
             ... on level 4 of the Dungeon.
             The game lasted 00:00:09 (1540 turns).

qw the Chopper (Tengu Warper)                       Turns: 1540, Time: 00:00:10

Health: -3/26      AC:  5    Str: 13    XL:     4   Next: 12%
Magic:  8/8        EV: 11    Int: 13    God:
Gold:   131        SH:  0    Dex: 14    Spells: 7/7 levels left

rFire   . . .      SeeInvis +   Y - +1 hand axe (flame)
rCold   . . .      Faith    .   (no shield)
rNeg    . . .      Spirit   .   j - +0 ring mail
rPois   .          Reflect  .   (helmet restricted)
rElec   .          Harm     .   (no cloak)
rCorr   .          Rampage  .   (no gloves)
Will    .....                   (boots unavailable)
Stlth   +.........              (no amulet)
HPRegen 0.08/turn               g - ring of see invisible
MPRegen 0.11/turn               (no ring)

@: no status effects
A: beak, talons 3
a: no special abilities


You were on level 4 of the Dungeon.
You visited 1 branch of the dungeon, and saw 3 of its levels.

You collected 131 gold pieces.


Innate Abilities, Weirdness & Mutations

You have a beak for a mouth.
You have claws for feet.


   Skills:
 - Level 2.0 Fighting
 + Level 4.7 Axes
 - Level 1.0 Throwing
 - Level 1.1 Armour
 - Level 2.1 Dodging
 - Level 2.0 Spellcasting
 - Level 2.4 Translocations


You had 7 spell levels left.
You didn't know any spells.
Your spell library contained the following spells:

 Spells                   Type           Power      Damage    Failure   Level
 Blink                    Tloc           14%        N/A       30%         2
 Gell's Gravitas          Tloc           7%         N/A       52%         3
 Lesser Beckoning         Tloc           7%         N/A       52%         3
 Teleport Other           Tloc           7%         N/A       52%         3
 Manifold Assault         Tloc           7%         N/A       99%         5

Inventory:

Hand Weapons
 Y - a +1 hand axe of flaming (weapon)
Armour
 j - a +0 ring mail (worn)
Jewellery
 g - a ring of see invisible (left hand)
Scrolls
 i - 6 scrolls of identify
Potions
 a - a potion of heal wounds {unknown}
 b - 3 potions of attraction {unknown}

Dungeon Overview and Level Annotations

Branches:
Dungeon (2/15)

Altars:

Shops:
D:2 =


Message History

You hit the worm. You burn the worm. You claw the worm.
The worm is heavily wounded.
You hit the worm but do no damage.
The worm is heavily wounded.
The worm bites you but does no damage.
You barely miss the worm.
The worm is heavily wounded.
The worm barely misses you.
You hit the worm. You burn the worm. You claw the worm.
You kill the worm!
There is a stone staircase leading down here.
There is a stone staircase leading up here.
i - 6 scrolls of identify (gained 1)
A sourceless malevolence fills the Dungeon...
You fall into a shaft and drop 2 floors!
The shaft crumbles and collapses.
You open the door.
There is an open door here.
You open the door.
There is an open door here.
An iguana comes into view.
Existing waypoints: (1) D:2 (2) D:1 Assign waypoint to what number? (0-9, D - delete waypoint) Waypoint 2 re-assigned from D:1 to D:4.
Enter note: You closely miss the iguana.
You peck the iguana. You punch the iguana, but do no damage.
The iguana is moderately wounded.
The iguana bites you!
You barely miss the iguana.
The iguana is moderately wounded.
The iguana bites you!
You hit the iguana. You burn the iguana.
The iguana is heavily wounded.
The iguana bites you.
You barely miss the iguana. Your kick misses the iguana.
The iguana is heavily wounded.
The iguana bites you!
You die...

###+######
#........#
#..$.....#
###.@......#
#.'..l.....#
#.#........#
#.#........#
#.#........#
#.#.........
##'########..
#............
#...#######


You could see an iguana.

Vanquished Creatures
  A gnoll (D:1)
  An adder (D:2)
  3 worms (D:2)
  2 ball pythons
  4 bats
  5 endoplasms
  2 giant cockroaches
  4 goblins
  2 hobgoblins (D:1)
  A quokka (D:1)
  5 kobolds
  6 rats
36 creatures vanquished.

Notes
Turn   | Place    | Note
-------+----------+-------------------------------------------
     0 | D:1      | qw the Tengu Warper began the quest for the Orb.
     0 | D:1      | Reached XP level 1. HP: 12/12 MP: 4/4
     0 | D:1      | 0 ||| qw: Version: 0.1-a-89-g26bdef1
     0 | D:1      | 0 ||| qw: Game counter: 3211
     0 | D:1      | 0 ||| qw: Always use a shield: true
     0 | D:1      | 0 ||| qw: God list: Okawaru
     0 | D:1      | 0 ||| qw: Allow faded altars: false
     0 | D:1      | 0 ||| qw: Do Orc after D:15 true
     0 | D:1      | 0 ||| qw: Do second Lair branch before Depths: true
     0 | D:1      | 0 ||| qw: Lair rune preference: random
     0 | D:1      | 0 ||| qw: Plans: Normal
     0 | D:1      | 0 ||| PLANNING D:1-11
    50 | D:1      | 50 ||| Stepping ~*~*~tactically~*~*~ (stealth).
    57 | D:1      | Reached skill level 3 in Axes
    57 | D:1      | Reached XP level 2. HP: 14/17 MP: 6/6
   479 | D:1      | Reached XP level 3. HP: 19/21 MP: 7/7
   864 | D:1      | Reached skill level 4 in Axes
   875 | D:1      | 875 ||| UPGRADING to +0 ring mail.
   885 | D:1      | 885 ||| DROPPING +0 leather armour.
   886 | D:1      | 886 ||| UPGRADING to ring of see invisible.
   887 | D:1      | 887 ||| READING scroll labelled UNUCOPS FANNAT.
   888 | D:1      | 888 ||| DROPPING +0 flail.
   889 | D:1      | 889 ||| READING scroll labelled XOM WILYAGA.
   890 | D:1      | 890 ||| READING 4 scrolls labelled OBRODI VAFOS.
   891 | D:1      | 891 ||| READING 3 scrolls of identify.
   891 | D:1      | 891 ||| IDENTIFYING golden potion
   892 | D:1      | 892 ||| DROPPING scroll of blinking.
   893 | D:1      | 893 ||| DROPPING potion of flight.
  1256 | D:2      | Reached XP level 4. HP: 26/26 MP: 8/8
  1267 | D:2      | Found Fycar Coqo's Jewellery Emporium.
  1277 | D:2      | 1277 ||| SHOPLISTING +6 ring of strength (360 gold, have
                  | 119).
  1277 | D:2      | 1277 ||| SHOPLISTING amulet of regeneration (300 gold, have
                  | 119).
  1277 | D:2      | 1277 ||| SHOPLISTING ring "Sofimm Buesk" {rF+++ Will- EV+4
                  | Int+5 Slay-5} (633 gold, have 119).
  1277 | D:2      | 1277 ||| SHOPLISTING ring "Yhireoma" {rN+ Int+6 Dex+2} (514
                  | gold, have 119).
  1277 | D:2      | 1277 ||| SHOPLISTING ring of positive energy (200 gold,
                  | have 119).
  1277 | D:2      | 1277 ||| SHOPLISTING ring of willpower (250 gold, have
                  | 119).
  1387 | D:2      | 1387 ||| Stepping ~*~*~tactically~*~*~ (stealth).
  1388 | D:2      | 1388 ||| Stepping ~*~*~tactically~*~*~ (stealth).
  1519 | D:2      | You fall into a shaft and drop 2 floors!
  1539 | D:4      | HP: 4/26 [iguana (4)]
  1540 | D:4      | Slain by an iguana

Levels and vault maps discovered:
D:1:      minmay_arrival_wavy_path, layout_basic
D:2:      layout_loops_ring, serial_shops, nicolae_shop_stone,
          ebering_ecumenical_altar_hall
D:4:      layout_basic, minmay_temple_entry_nine_rooms

Skill      XL: |  1  2  3 |
---------------+----------+-----
Axes           | 3 4 |  4.7
Fighting       | |  2.0
Throwing       | |  1.0
Armour         | |  1.1
Dodging        | |  2.1
Spellcasting   | |  2.0
Translocations | |  2.4

Action                   |  1- 3 |  4- 6 || total
-------------------------+-------+-------++-------
Melee: Hand axe          |    67 |    13 ||    80
       Kick              |    15 |     2 ||    17
       Peck              |     9 |     1 ||    10
       Punch             |       |     1 ||     1
Throw: Boomerang         |     7 |       ||     7
  Use: Scroll            |     4 |       ||     4
Armor: Leather armour    |    13 |       ||    13
       Ring mail         |     6 |     2 ||     8
Dodge: Dodged            |    29 |     5 ||    34

Table legend:
 A = Non-vault XP
 B = Vault XP
 C = Vault XP percentage of total XP
 D = Non-vault monster count
 E = Vault monster count
 F = Vault count percentage of total count
                 A         B        C        D         E       F
            +---------+---------+-------+---------+---------+-------
      Total |      92 |       0 |   0.0 |      36 |       0 |   0.0
            +---------+---------+-------+---------+---------+-------
        D:1 |      45 |       0 |   0.0 |      20 |       0 |   0.0
        D:2 |      47 |       0 |   0.0 |      16 |       0 |   0.0
            +---------+---------+-------+---------+---------+-------
